EVO
FRESNO STATE UNIVERSITY BULLDOGS @ VANDERBILT UNIVERSITY COMMODORES
09/11/2049
 
TOP OF THE 1ST
Fresno State University Bulldogs batting - Pitching for Vanderbilt University Commodores : LHP Ron Rubino
Pitching: LHP Ron Rubino
Batting: LHB Moktar Ame 0-0: Ball
1-0: Ball
2-0: Ball
3-0: Called Strike
3-1: Base on Balls
Batting: RHB Sandy Munoz 0-0: Called Strike
0-1: Ball
1-1: Ball
2-1: Called Strike
2-2: Fielders Choice at 2nd, 1-4 (Groundball, 15S, EV 73.1 MPH)
Batting: SHB Carlton Stannard 0-0: Fly out, F8 (Flyball, 8LM, EV 93.1 MPH)
Batting: RHB Danilo Baldia 0-0: Called Strike
0-1: Ball
1-1: Fielders Choice at 2nd, 4-6 (Groundball, 4MD, EV 76.9 MPH)
Top of the 1st over - 0 runs, 0 hits, 0 errors, 1 left on base; Fresno State University 0 - Vanderbilt University 0
BOTTOM OF THE 1ST
Vanderbilt University Commodores batting - Pitching for Fresno State University Bulldogs : RHP Melvin Palacios
Pitching: RHP Melvin Palacios
Batting: RHB Brian Pflughoeft 0-0: Ball
1-0: Called Strike
1-1: Ball
2-1: Foul Ball, location: 2F
2-2: Ball
3-2: Foul Ball, location: 2F
3-2: Foul Ball, location: 2F
3-2: TRIPLE (Line Drive, 7D, EV 110.6 MPH)
Pinch Runner at 3rd Sam Kerwin:
Batting: RHB Takashi Takeuchi 0-0: Foul Ball, location: 2F
0-1: Ball
1-1: Called Strike
1-2: Ball
2-2: Ball
3-2: Strikes out swinging
Batting: RHB Edgar Fernandez 0-0: Called Strike
0-1: Ball
1-1: DOUBLE (Line Drive, 89D, EV 99.4 MPH)
Sam Kerwin scores
Batting: RHB Jose Ramos 0-0: Swinging Strike
0-1: Ball
1-1: Swinging Strike
1-2: Ball
2-2: Ball
3-2: Strikes out swinging
Batting: LHB Tokito Ishizaki 0-0: Called Strike
0-1: Fly out, F7 (Line Drive, 7S, EV 93.8 MPH)
Bottom of the 1st over - 1 run, 2 hits, 0 errors, 1 left on base; Fresno State University 0 - Vanderbilt University 1
TOP OF THE 2ND
Fresno State University Bulldogs batting - Pitching for Vanderbilt University Commodores : LHP Ron Rubino
Now in LF: Sam Kerwin
Now in CF: Jose Ramos
Batting: LHB Ollie Strauss 0-0: Ball
1-0: Ball
2-0: Foul Ball, location: 2F
2-1: SINGLE (Line Drive, 6D, EV 96.9 MPH)
Batting: RHB Tony Nowak 0-0: Ball
1-0: Ball
2-0: Ball
3-0: Grounds into double play, 4-6-3 (Groundball, 34, EV 85.0 MPH)
Batting: RHB Ryan Roberts 0-0: Foul Ball, location: 2F
0-1: Foul Ball, location: 2F
0-2: Ball
1-2: Ball
2-2: Ball
3-2: SINGLE (Groundball, 6MD, EV 104.4 MPH)
Batting: RHB Sinfronio Carreon 0-0: Ball
1-0: Fielders Choice at 2nd, 6-4 (Groundball, 6, EV 111.2 MPH)
Top of the 2nd over - 0 runs, 2 hits, 0 errors, 1 left on base; Fresno State University 0 - Vanderbilt University 1
BOTTOM OF THE 2ND
Vanderbilt University Commodores batting - Pitching for Fresno State University Bulldogs : RHP Melvin Palacios
Batting: SHB D.J. Davis 0-0: Foul Ball, location: 2F
0-1: Ball
1-1: Foul Ball, location: 2F
1-2: Ball
2-2: Foul Ball, location: 2F
2-2: Foul Ball, location: 2F
2-2: Strikes out swinging
Batting: RHB Min Tann 0-0: Ground out 4-3 (Groundball, 4M, EV 99.4 MPH)
Batting: SHB Robbie Glover 0-0: Ball
1-0: Foul Ball, location: 2F
1-1: Called Strike
1-2: Ball
2-2: Ball
3-2: SINGLE (Groundball, 4MD, EV 100.0 MPH)
Batting: RHB Pakiana Kileona 0-0: Swinging Strike
0-1: SINGLE (Groundball, 6MD, EV 105.6 MPH)
Robbie Glover to second
Runner from 2nd tries for 3rd, SAFE, no throw by CF
Batting: RHB Sam Kerwin 0-0: Ball
1-0: Ball
2-0: Fielders Choice at 2nd, 5-4 (Groundball, 56, EV 103.1 MPH)
Bottom of the 2nd over - 0 runs, 2 hits, 0 errors, 2 left on base; Fresno State University 0 - Vanderbilt University 1
TOP OF THE 3RD
Fresno State University Bulldogs batting - Pitching for Vanderbilt University Commodores : LHP Ron Rubino
Batting: RHB Greg Meyer 0-0: Ball
1-0: Foul Ball, location: 2F
1-1: Foul Ball, location: 2F
1-2: Ball
2-2: Ground out 6-3 (Groundball, 6, EV 103.8 MPH)
Batting: LHB Moktar Ame 0-0: Ball
1-0: Called Strike
1-1: Foul Ball, location: 2F
1-2: Foul Ball, location: 2F
1-2: Ball
2-2: Ball
3-2: Strikes out swinging
Batting: RHB Sandy Munoz 0-0: Ball
1-0: Fly out, F8 (Flyball, 89M, EV 93.8 MPH)
Top of the 3rd over - 0 runs, 0 hits, 0 errors, 0 left on base; Fresno State University 0 - Vanderbilt University 1
BOTTOM OF THE 3RD
Vanderbilt University Commodores batting - Pitching for Fresno State University Bulldogs : RHP Melvin Palacios
Batting: RHB Takashi Takeuchi 0-0: Ground out 4-3 (Groundball, 4, EV 83.8 MPH)
Batting: RHB Edgar Fernandez 0-0: Foul Ball, location: 2F
0-1: Called Strike
0-2: Ground out 4-3 (Groundball, 4, EV 83.8 MPH)
Batting: RHB Jose Ramos 0-0: Called Strike
0-1: Fly out, F8 (Flyball, 8RXD, EV 80.0 MPH)
Bottom of the 3rd over - 0 runs, 0 hits, 0 errors, 0 left on base; Fresno State University 0 - Vanderbilt University 1
TOP OF THE 4TH
Fresno State University Bulldogs batting - Pitching for Vanderbilt University Commodores : LHP Ron Rubino
Batting: SHB Carlton Stannard 0-0: Ball
1-0: Called Strike
1-1: Ball
2-1: Ball
3-1: Ground out 1-3 (Groundball, 13S, EV 66.9 MPH)
Batting: RHB Danilo Baldia 0-0: Called Strike
0-1: Ground out 4-3 (Groundball, 4, EV 81.2 MPH)
Batting: LHB Ollie Strauss 0-0: Swinging Strike
0-1: Ball
1-1: Ball
2-1: Foul Ball, location: 2F
2-2: Strikes out swinging
Top of the 4th over - 0 runs, 0 hits, 0 errors, 0 left on base; Fresno State University 0 - Vanderbilt University 1
BOTTOM OF THE 4TH
Vanderbilt University Commodores batting - Pitching for Fresno State University Bulldogs : RHP Melvin Palacios
Batting: LHB Tokito Ishizaki 0-0: Swinging Strike
0-1: Ball
1-1: Fly out, F8 (Line Drive, 8RD, EV 98.8 MPH)
Batting: SHB D.J. Davis 0-0: Ball
1-0: Ball
2-0: Called Strike
2-1: Called Strike
2-2: Foul Ball, location: 2F
2-2: Strikes out swinging
Batting: RHB Min Tann 0-0: Ball
1-0: Reached on error, E6 (Groundball, 6S, EV 64.4 MPH)
Batting: SHB Robbie Glover 0-0: Called Strike
Min Tann steals 2nd base
0-1: Ball
1-1: Called Strike
1-2: Foul Ball, location: 2F
1-2: Foul Ball, location: 2F
1-2: Ball
2-2: Fly out, F8 (Flyball, 8LS, EV 89.4 MPH)
Bottom of the 4th over - 0 runs, 0 hits, 1 error, 1 left on base; Fresno State University 0 - Vanderbilt University 1
TOP OF THE 5TH
Fresno State University Bulldogs batting - Pitching for Vanderbilt University Commodores : LHP Ron Rubino
Batting: RHB Tony Nowak 0-0: Called Strike
0-1: SINGLE (Groundball, 4MS, EV 71.2 MPH) (infield hit)
Batting: RHB Ryan Roberts 0-0: Ball
1-0: Sac Bunt to 15S - play at first, batter OUT! 1-3
Tony Nowak to second
Batting: RHB Sinfronio Carreon 0-0: Swinging Strike
0-1: Ball
1-1: Called Strike
1-2: Foul Ball, location: 2F
1-2: Ball
2-2: Strikes out looking
Batting: RHB Greg Meyer 0-0: Ball
Wild Pitch!
Tony Nowak to third
Balk!
Tony Nowak scores
1-0: SINGLE (Groundball, 34D, EV 100.6 MPH)
Batting: LHB Moktar Ame 0-0: SINGLE (Line Drive, 9S, EV 106.9 MPH)
Greg Meyer to second
Throwing error, E9
Greg Meyer scores
Moktar Ame to second
Batting: RHB Sandy Munoz 0-0: Ball
1-0: Ball
2-0: Ball
3-0: Base on Balls
Pitching: RHP Craig Wayne
Batting: SHB Carlton Stannard 0-0: Ball
1-0: Called Strike
1-1: Foul Ball, location: 2F
1-2: Strikes out swinging
Top of the 5th over - 2 runs, 3 hits, 1 error, 2 left on base; Fresno State University 2 - Vanderbilt University 1
BOTTOM OF THE 5TH
Vanderbilt University Commodores batting - Pitching for Fresno State University Bulldogs : RHP Melvin Palacios
Batting: RHB Pakiana Kileona 0-0: SINGLE (Groundball, 34D, EV 104.4 MPH)
Batting: RHB Sam Kerwin 0-0: Ball
1-0: Called Strike
1-1: Ball
2-1: Fly out, F9 (Flyball, 9S, EV 83.1 MPH)
Batting: RHB Takashi Takeuchi 0-0: Ground out 4-3 (Groundball, 34S, EV 83.1 MPH)
Pakiana Kileona to second
Batting: RHB Edgar Fernandez 0-0: Called Strike
0-1: Called Strike
0-2: Ball
1-2: Foul Ball, location: 2F
1-2: Fly out, F8 (Flyball, 8RM, EV 75.6 MPH)
Bottom of the 5th over - 0 runs, 1 hit, 0 errors, 1 left on base; Fresno State University 2 - Vanderbilt University 1
TOP OF THE 6TH
Fresno State University Bulldogs batting - Pitching for Vanderbilt University Commodores : RHP Craig Wayne
Batting: RHB Danilo Baldia 0-0: Foul Ball, location: 2F
0-1: Ball
1-1: SINGLE (Flyball, 3D, EV 93.1 MPH)
Batting: LHB Ollie Strauss 0-0: Ball
1-0: SINGLE (Line Drive, 89S, EV 107.5 MPH)
Danilo Baldia to second
Batting: RHB Tony Nowak 0-0: Ball
1-0: Called Strike
1-1: Ball
2-1: Sac Bunt to 13S - play at first, batter OUT! 1-4
Danilo Baldia to third
Ollie Strauss to second
Batting: RHB Ryan Roberts 0-0: Called Strike
0-1: Ball
1-1: Foul Ball, location: 2F
1-2: Foul Ball, location: 2F
1-2: Ball
2-2: Ball
3-2: Foul Ball, location: 2F
3-2: Foul Ball, location: 2F
3-2: Base on Balls
Batting: RHB Sinfronio Carreon 0-0: Swinging Strike
0-1: Foul Ball, location: 2F
0-2: Strikes out swinging
Batting: RHB Greg Meyer 0-0: Ball
1-0: Foul Ball, location: 2F
1-1: Fly out, F7 (Line Drive, 7, EV 110.6 MPH)
Top of the 6th over - 0 runs, 2 hits, 0 errors, 3 left on base; Fresno State University 2 - Vanderbilt University 1
BOTTOM OF THE 6TH
Vanderbilt University Commodores batting - Pitching for Fresno State University Bulldogs : RHP Melvin Palacios
Batting: RHB Jose Ramos 0-0: Ball
1-0: SINGLE (Flyball, 3D, EV 91.2 MPH)
Batting: LHB Tokito Ishizaki 0-0: Fly out, F4 (Line Drive, 34D, EV 66.2 MPH)
Batting: SHB D.J. Davis 0-0: Ball
1-0: SINGLE (Groundball, 34, EV 106.2 MPH)
Jose Ramos to second
Runner from 2nd tries for 3rd, SAFE, throw by RF made to third
Batting: RHB Min Tann 0-0: Ball
1-0: Swinging Strike
1-1: Fly out, F9 (Flyball, 89M, EV 88.8 MPH)
Runner from 3rd tags up, SCORES, throw by RF
Pitching: RHP Oscar Zetino
Batting: SHB Robbie Glover 0-0: Called Strike
0-1: Ball
1-1: Ball
2-1: Foul Ball, location: 2F
2-2: Foul Ball, location: 2F
2-2: Ball
3-2: Foul Ball, location: 2F
3-2: Fly out, F8 (Flyball, 8LD, EV 94.4 MPH)
Bottom of the 6th over - 1 run, 2 hits, 0 errors, 1 left on base; Fresno State University 2 - Vanderbilt University 2
TOP OF THE 7TH
Fresno State University Bulldogs batting - Pitching for Vanderbilt University Commodores : RHP Craig Wayne
Pitching: LHP Lothar Wendelin
Batting: LHB Moktar Ame 0-0: Swinging Strike
0-1: Swinging Strike
0-2: Ground out U3 (Groundball, 3L, EV 91.9 MPH)
Pitching: RHP Jesus Ortega
Batting: RHB Sandy Munoz 0-0: Ball
1-0: Foul Ball, location: 2F
1-1: Ball
2-1: Ball
3-1: Base on Balls
Batting: SHB Carlton Stannard 0-0: Ball
1-0: Ball
2-0: Foul Ball, location: 2F
2-1: Called Strike
2-2: Strikes out looking
Batting: RHB Danilo Baldia 0-0: Ball
1-0: Fielders Choice at 2nd, 6-4 (Groundball, 6, EV 93.8 MPH)
Top of the 7th over - 0 runs, 0 hits, 0 errors, 1 left on base; Fresno State University 2 - Vanderbilt University 2
BOTTOM OF THE 7TH
Vanderbilt University Commodores batting - Pitching for Fresno State University Bulldogs : RHP Oscar Zetino
Batting: RHB Pakiana Kileona 0-0: Foul Ball, location: 2F
0-1: Ball
1-1: SOLO HOME RUN (Flyball, 8RXD, EV 115.0 MPH), Distance : 452 ft
Batting: RHB Sam Kerwin 0-0: Called Strike
0-1: Ground out 6-3 (Groundball, 6S, EV 82.5 MPH)
Batting: RHB Takashi Takeuchi 0-0: Ball
1-0: Ball
2-0: Ball
3-0: Called Strike
3-1: Base on Balls
Batting: RHB Edgar Fernandez 0-0: Ball
1-0: Grounds into double play, 5-4-3 (Groundball, 56, EV 86.9 MPH)
Bottom of the 7th over - 1 run, 1 hit, 0 errors, 0 left on base; Fresno State University 2 - Vanderbilt University 3
TOP OF THE 8TH
Fresno State University Bulldogs batting - Pitching for Vanderbilt University Commodores : RHP Jesus Ortega
Now at 1B: Paul Johnson
Batting: LHB Ollie Strauss 0-0: Fly out, F8 (Line Drive, 8RD, EV 100.0 MPH)
Batting: RHB Tony Nowak 0-0: Swinging Strike
0-1: Ground out 6-3 (Groundball, 6, EV 103.8 MPH)
Batting: RHB Ryan Roberts 0-0: Foul Ball, location: 2F
0-1: Ball
1-1: Ground out 6-3 (Groundball, 56, EV 87.5 MPH)
Top of the 8th over - 0 runs, 0 hits, 0 errors, 0 left on base; Fresno State University 2 - Vanderbilt University 3
BOTTOM OF THE 8TH
Vanderbilt University Commodores batting - Pitching for Fresno State University Bulldogs : RHP Oscar Zetino
Pitching: RHP Antonio Levario
Batting: RHB Jose Ramos 0-0: Ball
1-0: Swinging Strike
1-1: Foul Ball, location: 2F
1-2: Foul Ball, location: 2F
1-2: SINGLE (Line Drive, 4D, EV 97.5 MPH)
Batting: LHB Tokito Ishizaki 0-0: Called Strike
0-1: Ball
Jose Ramos steals 2nd base
1-1: Intentional Walk
Batting: SHB D.J. Davis 0-0: Bunted foul
0-1: Sac Bunt to P - play at first, batter safe!
Jose Ramos to third
Tokito Ishizaki to second
Batting: RHB Min Tann 0-0: SINGLE (Groundball, 56, EV 95.6 MPH)
Jose Ramos scores
Tokito Ishizaki to third
D.J. Davis to second
Runner from 3rd tries for Home, SAFE, throw by LF to home
Batting: SHB Robbie Glover 0-0: Ball
1-0: Ball
2-0: Bunt missed!
2-1: Sac Bunt to 23 - play at first, batter OUT! 3-4
D.J. Davis to third
Min Tann to second
Batting: RHB Pakiana Kileona 0-0: Intentional Walk
Batting: RHB Sam Kerwin 0-0: Grounds into fielders choice 5-2 (Groundball, 5, EV 98.8 MPH)
Min Tann to third
Pakiana Kileona to second
Batting: RHB Takashi Takeuchi 0-0: Ball
1-0: Ball
2-0: Called Strike
2-1: Foul Ball, location: 2F
2-2: SINGLE (Groundball, 56D, EV 94.4 MPH)
Min Tann scores
Pakiana Kileona to third
Sam Kerwin to second
Runner from 3rd tries for Home, SAFE, throw by LF to home
Pitching: RHP Brent Liss
Batting: RHB Paul Johnson 0-0: Ball
1-0: Ball
2-0: Called Strike
2-1: Ground out 6-3 (Groundball, 6S, EV 83.1 MPH)
Bottom of the 8th over - 4 runs, 4 hits, 0 errors, 2 left on base; Fresno State University 2 - Vanderbilt University 7
TOP OF THE 9TH
Fresno State University Bulldogs batting - Pitching for Vanderbilt University Commodores : RHP Jesus Ortega
Batting: RHB Sinfronio Carreon 0-0: Foul Ball, location: 2F
0-1: Ball
1-1: Foul Ball, location: 2F
1-2: Reached on error, E5 (Groundball, 5S, EV 84.4 MPH)
Batting: RHB Greg Meyer 0-0: Ball
1-0: Ball
2-0: Foul Ball, location: 2F
2-1: Foul Ball, location: 2F
2-2: Grounds into double play, 4-6-3 (Groundball, 34S, EV 81.9 MPH)
Batting: LHB Moktar Ame 0-0: Called Strike
0-1: Foul Ball, location: 2F
0-2: Strikes out swinging
Top of the 9th over - 0 runs, 0 hits, 1 error, 0 left on base; Fresno State University 2 - Vanderbilt University 7
Sunday, July 16th , 2023 - OOTP Baseball 24.6 Build 69